 Dungeon Crawl Stone Soup version 0.26-b1-32-g5d43845318 (webtiles) character file.

Game seed: 4675027729837254406

49064 Borgoz the Basher (level 14, -1/124 HPs)
             Began as a Ghoul Gladiator on Jan 12, 2021.
             Was a Priest of Ashenzari.
             Slain by a death yak (11 damage)
             ... on level 3 of the Lair of Beasts.
             The game lasted 00:31:03 (24578 turns).

Borgoz the Basher (Ghoul Gladiator)                Turns: 24578, Time: 00:31:03

Health: -1/124     AC: 17    Str: 23    XL:     14   Next: 49%
Magic:  19/19      EV: 19    Int:  3    God:    Ashenzari [***...]
Gold:   1050       SH:  0    Dex: 21    Spells: 19/22 levels left

rFire    + . .     SeeInvis +   y - +1 dire flail (vorpal) (curse)
rCold    + + +     Faith    .   (shield currently unavailable)
rNeg     + + +     Spirit   .   q - +1 scale mail "Tehoc" {rF+ Int+2}
rPois    ∞         Reflect  .   E - +2 hat {SInv}
rElec    .         Harm     .   B - +1 cloak
rCorr    .         Rampage  .   (no gloves)
Will     +....                  G - +1 pair of boots
Stlth    ..........             z - amulet "Unkugus" {Acrobat +Inv rC++ Str+3 Int-2 Dex+2}
HPRegen  0.00/turn              t - +6 ring of dexterity
MPRegen  0.16/turn              F - ring "Obowob" {rPois Slay+2}

@: no status effects
A: claws 1, cold resistance 1, negative energy resistance 3, inhibited
regeneration, torment resistance, unbreathing
a: Renounce Religion, Evoke Invisibility, Curse Item, Scrying


You were on level 3 of the Lair of Beasts.
You worshipped Ashenzari.
Ashenzari was most pleased with you.
You visited 3 branches of the dungeon, and saw 19 of its levels.

You collected 1213 gold pieces.
You spent 163 gold pieces at shops.

Inventory:

Hand Weapons
 y - a cursed +1 vorpal dire flail (weapon)
Armour
 q - the +1 scale mail "Tehoc" (worn) {rF+ Int+2}
   (You found it on level 14 of the Dungeon)

   It affects your intelligence (+2).
   It protects you from fire.
 B - a +1 cloak (worn)
 E - a +2 hat of see invisible (worn)
 G - a +1 pair of boots (worn)
 I - a scarf of harm
Jewellery
 r - an uncursed ring of flight
 t - a +6 ring of dexterity (left claw)
 z - the amulet "Unkugus" (around neck) {Acrobat +Inv rC++ Str+3 Int-2 Dex+2}
   (You found it on level 13 of the Dungeon)

   [amulet of the acrobat]

   It helps you evade while moving and waiting.
   It affects your strength (+3).
   It affects your intelligence (-2).
   It affects your dexterity (+2).
   It greatly protects you from cold.
   It lets you turn invisible.
 C - an uncursed amulet of guardian spirit
 F - the ring "Obowob" (right claw) {rPois Slay+2}
   (You found it on level 14 of the Dungeon)

   [ring of poison resistance]

   It affects your accuracy and damage with ranged weapons and melee attacks
   (+2).
   It protects you from poison.
 H - a +4 ring of protection
Wands
 d - a wand of flame (40)
 h - a wand of digging (4)
 s - a wand of iceblast (33)
 x - a wand of paralysis (8)
 D - a wand of disintegration (16)
Scrolls
 a - 2 scrolls of magic mapping
 b - 3 scrolls of fog
 e - a scroll of enchant armour
 f - 8 scrolls of remove curse
 j - 3 scrolls of blinking
 k - 2 scrolls of fear
 l - a scroll of torment
 m - 8 scrolls of identify
 n - 3 scrolls of teleportation
 J - a scroll of summoning
Potions
 c - a potion of magic
 g - 3 potions of curing
 i - 2 potions of resistance
 p - 4 potions of cancellation
 u - a potion of haste
 v - 3 potions of brilliance
 w - 5 potions of heal wounds
 A - 4 potions of flight


   Skills:
 * Level 11.6 Fighting
 * Level 11.6(15.1) Maces & Flails
 - Level 1.7 Throwing
 * Level 11.2 Armour
 * Level 11.6 Dodging
 + Level 4.5 Spellcasting
 + Level 4.6 Hexes


You had 19 spell levels left.
You knew the following spells:

 Your Spells              Type           Power        Failure   Level
a - Confusing Touch       Hex            3%           34%         3

Your spell library contained the following spells:

 Spells                   Type           Power        Failure   Level
 Slow                     Hex            3%           19%         2
 Magic Dart               Conj           0%           63%         1
 Blink                    Tloc           N/A          77%         2
 Call Imp                 Summ           0%           77%         2
 Conjure Flame            Conj/Fire      0%           94%         3
 Gell's Gravitas          Tloc           0%           94%         3
 Lesser Beckoning         Tloc           0%           94%         3
 Mephitic Cloud           Conj/Pois/Air  0%           94%         3
 Teleport Other           Tloc           0%           94%         3
 Passage of Golubria      Tloc           N/A          100%        4
 Petrify                  Tmut/Erth      0%           100%        4
 Metabolic Englaciation   Hex/Ice        1%           100%        5
 Yara's Violent Unravell  Hex/Tmut       1%           100%        5


Dungeon Overview and Level Annotations

Branches:
Dungeon (15/15)            Temple (1/1) D:5            Lair (3/6) D:8
 Shoals (0/4) Lair:2          Orc (0/2) D:9          Vaults (0/5) D:14
 Depths (0/5) D:15
  Snake: Lair:2-4    Spider: Lair:2-4

Altars:
Ashenzari
Cheibriados
Dithmenos
Elyvilon
Fedhas
Gozag
Hepliaklqana
Kikubaaqudgha
Makhleb
Nemelex Xobeh
Okawaru
Qazlal
Ru
Sif Muna
Trog
Uskayaw
Vehumet
Wu Jian
Xom
Yredelemnul
Zin
The Shining One

Shops:
D:10 *   D:11 :!

Annotations:
D:10 1 runed translucent door
Lair:1 2 transporters, Beischinu's ghost, journeyman MiFi


Innate Abilities, Weirdness & Mutations

You thrive by killing the living.
You are immune to poison.
You have sharp fingernails.
Your flesh is cold resistant. (rC+)
You are immune to negative energy. (rN+++)
You do not regenerate when monsters are visible.
You are immune to unholy pain and torment.
You can survive without breathing.


Message History

The death yak barely misses you.
You are too injured to fight recklessly!
You are too injured to fight recklessly!
You are too injured to fight recklessly!
You are too injured to fight recklessly!
You are too injured to fight recklessly!
You hit the death yak.
The death yak is lightly wounded.
The komodo dragon hisses menacingly.
You thump the komodo dragon!
The komodo dragon is lightly wounded.
The death yak gores you!
* * * LOW HITPOINT WARNING * * *
The komodo dragon closely misses you. The death yak gores you!!
* * * LOW HITPOINT WARNING * * *
There is an escape hatch in the floor here.
There is a stone staircase leading up here.
The death yak gores you!
You die...

.....+...###......### ##...P#.#
....##..###.......#P######.....##
....##### ##.....................
......######.....................
....................Y............
..................{............>.
................Y##.###.#........
................YP##.#..##.......
.....##.#####...@##..†..P....##P#
#....#### ##....##..........####
#....# #####......#.....#....####
.....###..##......#...........#..
#......'..###....##.....#........
#......##..#.....##..#..#.......♣
#.....#####.#....###...#.#.....♣P
#....###PP#.#...................P
#..............<.................


You could see 2 death yaks.

Vanquished Creatures
  Gastronok (D:9)
  A frost giant (D:15)
  4 hydras
  4 boulder beetles
  7 vault guards (D:14)
  5 centaur warriors
  The ghost of Borgoz the Basher, a journeyman GrGl (D:9)
  3 two-headed ogres
  4 death yaks
  A tengu warrior (D:15)
  5 unseen horrors
  Pikel (D:6)
  A wolf spider zombie (D:13)
  2 manticores
  A deep elf mage (D:15)
  4 cyclopes
  An ugly thing (D:13)
  Joseph (D:9)
  2 black mambas
  3 merfolk sirens (Lair:2)
  Maggie (D:9)
  3 cane toads
  An efreet (D:15)
  A yaktaur (D:15)
  7 komodo dragons
  A merfolk (Lair:2)
  2 trolls
  Prince Ribbit (D:7)
  Sigmund (D:2)
  2 wyverns
  22 yaks
  3 wraiths
  Grum (D:10)
  7 vampire mosquitoes
  4 water moccasins
  7 orc warriors
  Duvessa (D:4)
  5 ice beasts
  5 sky beasts
  2 black bears
  3 phantoms
  14 centaurs
  8 ogres
  6 wolves
  4 lemures
  3 big kobolds
  Blork the orc (D:6)
  11 bullfrogs
  2 wyvern zombies
  Dowan (D:4)
  A wyvern skeleton (D:11)
  5 scorpions
  13 killer bees
  11 wights
  A howler monkey (D:14)
  The ghost of FortyThree the Skirmisher, a weakling VSFi (D:3)
  3 centaur zombies
  3 centaur skeletons
  4 jellies
  Crazy Yiuf (D:6)
  3 orc priests
  4 hounds
  12 orc wizards
  4 bullfrog skeletons
  Natasha (D:4)
  11 worker ants
  A hound zombie (D:7)
  9 adders
  A howler monkey skeleton (D:5)
  A white imp (D:6)
  An ufetubus (D:8)
  2 oozes (D:2)
  5 worms
  3 adder skeletons
  3 dart slugs
  4 leopard geckos
  57 orcs
  4 giant cockroaches
  7 hobgoblins
  7 jackals
  3 quokkas
  A ball python (D:3)
  10 bats
  3 frilled lizards
  12 goblins
  A jackal skeleton (D:4)
  24 kobolds
  A leopard gecko skeleton (D:4)
  A quokka skeleton (D:4)
  7 rats
428 creatures vanquished.

Vanquished Creatures (others)
  9 fungi
  7 plants (Lair:2)
16 creatures vanquished.

Grand Total: 444 creatures vanquished

Notes
Turn   | Place    | Note
-------+----------+-------------------------------------------
     0 | D:1      | Borgoz the Ghoul Gladiator began the quest for the Orb.
     0 | D:1      | Reached XP level 1. HP: 17/17 MP: 0/0
    54 | D:1      | Reached XP level 2. HP: 17/24 MP: 1/1
   476 | D:1      | Reached skill level 1 in Armour
   477 | D:1      | Reached XP level 3. HP: 30/30 MP: 2/2
   884 | D:2      | Noticed Sigmund
  1143 | D:2      | Found a radiant altar of Vehumet.
  1216 | D:2      | Reached XP level 4. HP: 23/37 MP: 3/3
  2172 | D:2      | Killed Sigmund
  2173 | D:2      | Reached XP level 5. HP: 34/45 MP: 4/4
  2173 | D:2      | Reached XP level 6. HP: 39/51 MP: 5/5
  2448 | D:3      | Found a basalt altar of Yredelemnul.
  2476 | D:3      | Found a large runed translucent door.
  2700 | D:3      | Found a large runed translucent door.
  2701 | D:3      | Noticed FortyThree's ghost (weakling VSFi)
  3439 | D:3      | Killed FortyThree's ghost
  3775 | D:4      | Noticed Natasha
  3781 | D:4      | Killed Natasha
  3791 | D:4      | Reached XP level 7. HP: 42/57 MP: 6/6
  4323 | D:4      | Noticed Dowan
  4324 | D:4      | Noticed Duvessa
  4334 | D:4      | Killed Duvessa
  4353 | D:4      | Killed Dowan
  5029 | D:4      | Reached skill level 5 in Maces & Flails
  5175 | D:5      | Entered Level 5 of the Dungeon
  5282 | D:5      | Reached skill level 5 in Dodging
  5282 | D:5      | Reached XP level 8. HP: 66/66 MP: 7/7
  5651 | D:5      | Found a staircase to the Ecumenical Temple.
  5744 | Temple   | Entered the Ecumenical Temple
  5900 | Temple   | Became a worshipper of Ashenzari the Shackled
  6129 | D:6      | Noticed Blork the orc
  6160 | D:6      | Killed Blork the orc
  6328 | D:6      | Found a runed translucent door.
  6329 | D:6      | Noticed Crazy Yiuf
  6440 | D:6      | Reached skill level 5 in Armour
  6686 | D:6      | Noticed Pikel
  6929 | D:7      | Reached skill level 5 in Fighting
  6929 | D:7      | Reached XP level 9. HP: 74/74 MP: 8/8
  7569 | D:7      | Noticed Prince Ribbit
  7591 | D:7      | Killed Prince Ribbit
  8338 | D:6      | Killed Pikel
  8539 | D:6      | Killed Crazy Yiuf
  8976 | D:8      | Reached XP level 10. HP: 69/83 MP: 9/9
  9130 | D:8      | Found a staircase to the Lair.
  9315 | D:9      | Found a staircase to the Orcish Mines.
  9413 | D:9      | Noticed Joseph
  9432 | D:9      | Killed Joseph
  9667 | D:9      | Noticed Maggie
  9668 | D:9      | Found a runed translucent door.
  9668 | D:9      | Noticed Borgoz's ghost (journeyman GrGl)
  9691 | D:9      | Killed Maggie
  9959 | D:9      | Reached * piety under Ashenzari
 10286 | D:9      | Found a sparkling altar of Nemelex Xobeh.
 10751 | D:9      | Noticed Gastronok
 11227 | D:9      | Killed Gastronok
 11228 | D:9      | Reached XP level 11. HP: 40/92 MP: 4/10
 11580 | D:10     | Entered Level 10 of the Dungeon
 11686 | D:10     | Noticed a two-headed ogre
 11686 | D:10     | Noticed Grum
 11717 | D:10     | Killed a two-headed ogre
 11724 | D:10     | Killed Grum
 12005 | D:10     | Noticed an angel
 12006 | D:10     | Found a white marble altar of Elyvilon.
 12013 | D:10     | Found a runed translucent door.
 12128 | D:10     | Found Aheesaxu's General Store.
 12763 | D:11     | Found Nasuduips's Book Emporium.
 12770 | D:11     | Learned a level 3 spell: Confusing Touch
 12811 | D:11     | Noticed a two-headed ogre
 12820 | D:11     | Killed a two-headed ogre
 13182 | D:11     | Found Yguutexa's Distillery.
 13410 | D:11     | Noticed an unseen horror
 13428 | D:11     | Killed an unseen horror
 13451 | D:11     | Noticed a centaur warrior
 13456 | D:11     | Killed a centaur warrior
 13457 | D:11     | Reached skill level 1 in Spellcasting
 13457 | D:11     | Reached skill level 1 in Hexes
 13487 | D:11     | Noticed an unseen horror
 13495 | D:11     | Killed an unseen horror
 14042 | D:12     | Noticed an unseen horror
 14058 | D:12     | Killed an unseen horror
 14059 | D:12     | Reached XP level 12. HP: 100/103 MP: 13/13
 14529 | D:12     | Noticed a two-headed ogre
 14534 | D:12     | Killed a two-headed ogre
 15154 | D:13     | Identified the amulet "Unkugus" {Acrobat +Inv rC++ Str+3
                  | Int-2 Dex+2}
 15165 | D:13     | Reached skill level 10 in Maces & Flails
 15202 | D:13     | Noticed a boulder beetle
 15368 | D:13     | Killed a boulder beetle
 15369 | D:13     | Reached skill level 10 in Dodging
 15582 | D:13     | Reached ** piety under Ashenzari
 15699 | D:13     | Noticed a centaur warrior
 15708 | D:13     | Killed a centaur warrior
 16487 | D:14     | Found a shadowy altar of Dithmenos.
 16749 | D:14     | Found a gate to the Vaults.
 16749 | D:14     | Noticed a vault guard
 16749 | D:14     | Noticed a vault guard
 16749 | D:14     | Noticed a vault guard
 16749 | D:14     | Noticed a vault guard
 16749 | D:14     | Noticed a vault guard
 16749 | D:14     | Noticed a vault guard
 16749 | D:14     | Noticed a vault guard
 16749 | D:14     | Noticed a vault guard
 16762 | D:14     | Killed a vault guard
 16774 | D:14     | Killed a vault guard
 16775 | D:14     | Reached skill level 10 in Armour
 16775 | D:14     | Reached XP level 13. HP: 53/113 MP: 7/16
 16882 | D:11     | Bought a potion of ambrosia for 112 gold pieces
 16908 | D:10     | Bought a scroll of teleportation for 51 gold pieces
 17047 | Lair:1   | Entered Level 1 of the Lair of Beasts
 17100 | Lair:1   | Identified the +8 trident "Rennidu" {vorpal, rC+}
 17102 | Lair:1   | Noticed Beischinu's ghost (journeyman MiFi)
 17103 | Lair:1   | Identified the +7 trident "Vidgh" {antimagic, rC+ Will+
                  | Str+3}
 17137 | Lair:1   | Reached skill level 10 in Fighting
 18539 | Lair:1   | Found a transporter.
 18543 | Lair:1   | Found a transporter.
 18544 | Lair:1   | Found a bloodstained altar of Trog.
 19949 | Lair:1   | HP: 2/114 [death yak (15)]
 20419 | D:9      | Killed Borgoz's ghost
 20794 | D:14     | Reached *** piety under Ashenzari
 20836 | D:14     | Identified the ring "Obowob" {rPois Slay+2}
 21007 | D:14     | Found a shimmering blue altar of Sif Muna.
 21102 | D:14     | Killed a vault guard
 21319 | D:14     | Killed a vault guard
 21371 | D:14     | Killed a vault guard
 21633 | D:14     | Killed a vault guard
 21634 | D:14     | Reached XP level 14. HP: 89/124 MP: 13/19
 21806 | D:14     | Got the uncursed scale mail "Tehoc" {rF+ Int+2}
 21817 | D:14     | Identified the +1 scale mail "Tehoc" {rF+ Int+2} (You found
                  | it on level 14 of the Dungeon)
 22028 | D:15     | Entered Level 15 of the Dungeon
 23055 | D:15     | Found a staircase to the Depths.
 23055 | D:15     | Noticed a frost giant
 23065 | D:15     | Killed a frost giant
 23836 | Lair:2   | Found a staircase to the Shoals.
 24578 | Lair:3   | Slain by a death yak

Illustrated notes

Levels and vault maps discovered:
D:1:      nicolae_arrival_somewhat_less_tricky_arrival, layout_rooms
D:2:      layout_rooms, lemuel_crystal_altar, uniq_sigmund
D:3:      layout_basic, old_standard_altar, ebering_ghost_disaster_area
D:4:      layout_basic, uniq_natasha, uniq_duvessa
D:5:      layout_loops_ring, minmay_temple_entry_gardened_gates
D:6:      layout_loops_ring, minmay_circle_x, uniq_crazy_yiuf_cottage,
          uniq_pikel, uniq_blork_the_orc
D:7:      layout_basic, uniq_prince_ribbit1
D:8:      layout_loops_cross, lair_entry_dummy
D:9:      layout_cave_pods, orc_0_dummy, serial_column_ruins,
          column_ruins_temple_hall, column_ruins_open_medium,
          column_ruins_open_medium, column_ruins_open_large,
          column_ruins_corridor_straight, column_ruins_open_tiny,
          column_ruins_corridor_corner, hellmonk_ghost_happy_afterlife,
          uniq_gastronok, uniq_maggie, uniq_joseph
D:10:     layout_loops_ring, serial_shops, shop, lemuel_angel_altar, uniq_grum
D:11:     layout_long_grid, serial_shops, nicolae_shop_behind_doors, shop
D:12:     layout_loops_ring
D:13:     layout_roguey
D:14:     layout_gridville, erik_vaults_2, grunt_dithmenos_smoke, basic_altar,
          minmay_misc_feat_more_columns
D:15:     grunt_enter_depths_snipers, layout_cave_pools, nrook_mini_backslash,
          drop_trap
Temple:   regret_index_temple_chain_breaker
Lair:1:   layout_regular_city, gammafunk_ghost_wrathful_warriors
Lair:2:   layout_chaotic_city, elwin_shoals_entry_stream
Lair:3:   dpeg_oklob_gauntlet, layout_regular_city, spider_nest_entry_webs,
          grunt_forest_small_clearings, grunt_forest_stairs_basic

Skill      XL: |  1  2  3  4  5  6  7  8  9 10 11 12 13 14 |
---------------+-------------------------------------------+-----
Maces & Flails | 3 4 5 6 7 8 9 10 11 | 11.6
Dodging        | 3 4 5 6 7 8 9 10 11 | 11.6
Armour         | 1 2 3 4 5 6 8 9 10 11 | 11.2
Fighting       | 3 4 5 6 7 8 9 11 | 11.6
Spellcasting   | 1 3 4 |  4.5
Hexes          | 1 3 4 |  4.6
Throwing       | |  1.7

Action                   |  1- 3 |  4- 6 |  7- 9 | 10-12 | 13-15 || total
-------------------------+-------+-------+-------+-------+-------++-------
Melee: Flail             |   127 |   227 |   142 |   385 |       ||   881
       Morningstar       |       |       |   291 |       |       ||   291
       Dire flail        |       |       |       |   433 |   586 ||  1019
Throw: Throwing net      |     3 |     5 |     1 |     2 |       ||    11
Invok: Curse Item        |       |       |       |       |     2 ||     2
Evoke: Wand              |       |       |       |     3 |       ||     3
  Use: Scroll            |     6 |     3 |     8 |     9 |     6 ||    32
       Potion            |     6 |       |     3 |     1 |     7 ||    17
 Stab: Held in net/web   |       |       |     1 |     3 |       ||     4
       Paralysed         |       |       |       |     8 |       ||     8
Armor: Leather armour    |    51 |    47 |    21 |       |       ||   119
       Plate armour      |       |       |   192 |   354 |       ||   546
       Scale mail        |       |       |       |   107 |   192 ||   299
       Chain mail        |       |       |       |       |     2 ||     2
Dodge: Dodged            |   115 |   176 |   194 |   567 |   426 ||  1478
Block: Buckler           |       |       |    41 |    73 |       ||   114
